 Dungeon Crawl Stone Soup version 0.22.1-2-g9c5b331383 (webtiles) character file.

35 Adamkad1 the Charmwright (level 3, 0/22 HPs)
             Began as a Tengu Skald on Dec 19, 2018.
             Slain by an adder (4 damage)
             ... on level 1 of the Dungeon.
             The game lasted 00:01:49 (1103 turns).

Adamkad1 the Charmwright (Tengu Skald)              Turns: 1103, Time: 00:01:50

Health: 0/22       AC:  3    Str: 11    XL:     3   Next: 35%
Magic:  7/7        EV: 12    Int: 13    God:
Gold:   14         SH:  0    Dex: 14    Spells: 1/6 levels left

rFire    . . .     SeeInvis .   a - +0 falchion
rCold    . . .     Gourm    .   (no shield)
rNeg     . . .     Faith    .   b - +0 leather armour
rPois    .         Spirit   .   (helmet restricted)
rElec    .         Reflect  .   (no cloak)
rCorr    .         Harm     .   (no gloves)
MR       .....                  (boots unavailable)
Stlth    +.........             (no amulet)
HPRegen  0.07/turn              (no ring)
MPRegen  0.10/turn              (no ring)

@: very slow
A: beak, talons 3
a: no special abilities


You were on level 1 of the Dungeon.
You were not hungry.

You visited 1 branch of the dungeon, and saw 2 of its levels.

You collected 14 gold pieces.

Inventory:

Hand Weapons
 a - a +0 falchion (weapon)
Armour
 b - a +0 leather armour (worn)
Scrolls
 e - 2 scrolls of identify {unknown}
 g - a scroll of teleportation {unknown}
 h - a scroll of amnesia {unknown}
Potions
 c - a potion of mutation {unknown}
 i - a potion of might {unknown}
Comestibles
 d - 3 rations


   Skills:
 * Level 2.5 Fighting
 * Level 2.6 Long Blades
 + Level 1.5 Armour
 * Level 2.5 Dodging
 + Level 2.1 Spellcasting
 * Level 2.6 Charms


You had one spell level left.
You knew the following spells:

 Your Spells              Type           Power        Failure   Level  Hunger
a - Infusion              Chrm           #...         11%         1    ##.....
b - Shroud of Golubria    Chrm/Tloc      #.........   28%         2    ###....
c - Song of Slaying       Chrm           #.......     17%         2    ###....

Your spell library contained the following spells:

 Spells                   Type           Power        Failure   Level  Hunger
 Regeneration             Chrm/Necr      #.........   50%         3    ####...
 Spectral Weapon          Hex/Chrm       #.......     50%         3    ####...


Dungeon Overview and Level Annotations

Branches:
Dungeon (2/15)

Altars:
Vehumet

Annotations:
D:2 Natasha


Innate Abilities, Weirdness & Mutations

You have a beak for a mouth.
You have claws for feet.


Message History

The adder barely misses you. The goblin completely misses you.
The goblin closely misses you.
You riposte.
You closely miss the goblin. You claw the goblin.
You kill the goblin!
You hear a splash.
The adder barely misses you.
You feel sick. The adder bites you but does no damage.
The adder closely misses you. The adder barely misses you.
You feel sick. The adder barely misses you.
You riposte.
You hit the adder.
The adder is lightly wounded.
The adder bites you but does no damage. The adder bites you.
* * * LOW HITPOINT WARNING * * *
Unknown command.
The adder closely misses you.
You riposte.
Your unstable footing causes you to fumble your attack.
The adder bites you but does no damage.
You feel sick.
You are no longer poisoned.
The adder bites you.
You die...

#.............# ################.
##.##########.# #...>..........'.
#......# #.###..≈≈)≈≈♣♣≈♣####.
#....#.# #.[♣♣♣♣♣≈♣≈♣♣≈♣≈P♣♣♣.
##...#.# ####+≈PP≈≈PP≈P≈≈≈≈P≈≈≈≈♣
#.#.#.# #..≈♣♣≈≈≈≈≈≈≈≈≈≈≈♣PP♣P≈≈
#.#.#.# #.≈≈≈≈P♣Ps≈≈≈≈≈≈≈≈≈≈≈P≈≈
##.#.#.###≈≈≈≈♣≈≈≈≈≈≈≈≈≈≈≈≈≈≈≈≈≈≈
#......##≈♣≈≈≈≈≈@S≈≈≈≈≈≈≈≈≈≈≈≈≈≈P
####.####≈≈≈♣≈≈≈PP≈≈≈≈≈≈≈≈≈≈≈PP≈P
#.####≈≈≈≈≈♣)≈≈≈≈≈≈≈≈≈≈≈≈≈≈≈≈P
#......♣♣≈≈♣≈≈≈≈≈≈≈≈≈≈≈≈≈≈≈PP≈
###########♣≈≈P≈≈≈P≈≈≈≈≈≈≈P≈♣≈≈≈≈
#............P≈≈≈≈≈≈≈P≈≈≈≈≈≈≈≈P≈≈
##.###########♣≈♣≈P♣P♣≈P≈PP≈≈≈P≈P
#.# ##♣≈≈♣≈PP♣≈♣≈♣♣≈≈♣P #.#####
#.##≈P≈≈♣≈♣≈♣#.##


You could see a scorpion and an adder.

Vanquished Creatures
  An adder (D:2)
  2 giant cockroaches (D:1)
  7 goblins (D:1)
  4 jackals (D:1)
  3 bats (D:1)
  A frilled lizard (D:1)
  4 kobolds
  2 rats (D:1)
24 creatures vanquished.

Notes
Turn   | Place    | Note
-------+----------+-------------------------------------------
     0 | D:1      | Adamkad1 the Tengu Skald began the quest for the Orb.
     0 | D:1      | Reached XP level 1. HP: 12/12 MP: 4/4
    97 | D:1      | Reached XP level 2. HP: 17/17 MP: 6/6
   101 | D:1      | Learned a level 2 spell: Shroud of Golubria
   104 | D:1      | Learned a level 2 spell: Song of Slaying
   982 | D:2      | Found a radiant altar of Vehumet.
   993 | D:2      | Reached XP level 3. HP: 20/22 MP: 0/7
  1006 | D:2      | Noticed a scorpion
  1089 | D:2      | Noticed Natasha
  1103 | D:1      | Slain by an adder

Action                   || total
-------------------------++-------
Melee: Falchion          ||    43
       Kick              ||    11
       Peck              ||     5
 Cast: Infusion          ||     2
       Song of Slaying   ||     1
  Eat: Chunk             ||     1
Armor: Leather armour    ||    23
Dodge: Dodged            ||    44
       Rpst.: Falchion   ||    15
